 Dungeon Crawl Stone Soup version 0.20.0-15-g7f486f2 (console) character file.

37 removed the Magician (level 3, 0/16 HPs)
             Began as a Spriggan Necromancer on June 10, 2017.
             Killed from afar by a dart slug (5 damage)
             ... with a slug dart
             ... on level 2 of the Dungeon.
             The game lasted 00:01:50 (2214 turns).

removed the Magician (Spriggan Necromancer)         Turns: 2214, Time: 00:01:51

Health: 0/16       AC:  2    Str:  4    XL:     3   Next: 21%
Magic:  1/9        EV: 18    Int: 17    God:
Gold:   100        SH:  0    Dex: 16    Spells: 9/10 levels left

rFire    . . .     SeeInvis +   (weapon restricted)
rCold    . . .     Gourm    .   (shield restricted)
rNeg     . . .     Faith    .   a - +0 robe
rPois    .         Spirit   .   (helmet restricted)
rElec    .         Reflect  .   (no cloak)
rCorr    .         Harm     .   (gloves unavailable)
MR       .....                  (boots unavailable)
Stlth    ++........             (no amulet)
Regen    0.1/turn               (no ring)
MPRegen  0.2/turn               (no ring)

@: very quick
A: unfitting armour, see invisible, herbivore 3, speed 3, slow metabolism 2
a: no special abilities


You were on level 2 of the Dungeon.
You were not hungry.

You visited 1 branch of the dungeon, and saw 2 of its levels.

You collected 100 gold pieces.

Inventory:

Armour
 a - a +0 robe (worn)
Scrolls
 e - a scroll of enchant armour {unknown}
 i - 2 scrolls of identify {unknown}
 j - a scroll of amnesia {unknown}
 k - a scroll of recharging {unknown}
Potions
 d - a potion of cancellation {unknown}
 f - a potion of might {unknown}
 h - a potion of haste {unknown}
Books
 b - a book of Necromancy

   Spells                             Type                      Level
   a - Pain                           Necromancy                   1
   b - Animate Skeleton               Necromancy                   1
   c - Vampiric Draining              Necromancy                   3
   d - Regeneration                   Charms/Necromancy            3
   e - Animate Dead                   Necromancy                   4
   f - Control Undead                 Necromancy                   4
Comestibles
 c - a bread ration
 g - a royal jelly


   Skills:
 - Level 3.0 Dodging
 - Level 3.0 Stealth
 + Level 4.0 Spellcasting
 + Level 4.0 Necromancy


You had 9 spell levels left.
You knew the following spells:

 Your Spells              Type           Power        Failure   Level  Hunger
a - Pain                  Necr           ###.         3%          1    None


Dungeon Overview and Level Annotations

Branches:
Dungeon (2/15)

Altars:


Innate Abilities, Weirdness & Mutations

You are very small and have problems with some larger weapons.
You are too small for most types of armour.
You have supernaturally acute eyesight. (SInv)
You are a herbivore.
You cover ground extremely quickly.
You need consume almost no food.


Message History

Casting: Pain
Confirm with . or Enter, or press ? or * to list all spells.
Aiming: Pain
Press: ? - help, Shift-Dir - straight line, f/p - worm
Aim: a worm (moderately wounded, chance to defeat MR: 82%)
The worm writhes in agony!
Casting: Pain
Confirm with . or Enter, or press ? or * to list all spells.
Aiming: Pain
Press: ? - help, Shift-Dir - straight line, f/p - worm
Aim: a worm (heavily wounded, chance to defeat MR: 82%)
The worm writhes in agony!
A kobold comes into view.
The kobold shouts!
Found a lumpy coppery potion.
A dart slug comes into view.
A hobgoblin comes into view.
The dart slug launches a dart at you. The slug dart hits you!
You die...

.......g.... ........#.. #
#........K # #.
##.w....K.#
#.##.##.<.......####
.....?..... ..[...!
......$...###...# #. .#.
#..........#### ##.
...#.@...........# ## ..
..#.#..<..........#
...##.##.......<.........#
....... ####....w........#
....... #...............#
.......###..........######
.......$............#
##########..........#
#...########


You could see a worm, a dart slug and a kobold.

Vanquished Creatures
  A dart slug (D:1)
  2 leopard geckos (D:1)
  A ball python (D:1)
  6 bats (D:1)
  3 giant cockroaches
  2 goblins (D:1)
  5 hobgoblins (D:1)
  3 frilled lizards
  5 kobolds (D:1)
  5 rats (D:1)
33 creatures vanquished.

Notes
Turn   | Place    | Note
-------+----------+-------------------------------------------
     0 | D:1      | removed the Spriggan Necromancer began the quest for the Orb.
     0 | D:1      | Reached XP level 1. HP: 9/9 MP: 5/5
   491 | D:1      | Reached XP level 2. HP: 3/13 MP: 0/7
  1853 | D:1      | Reached XP level 3. HP: 15/16 MP: 6/9
  2214 | D:2      | Killed from afar by a dart slug

Skill      XL: |  1  2  3 |
---------------+----------+-----
Spellcasting   | 3 4 |  4.0
Necromancy     | 4 |  4.0
Dodging        | |  3.0
Stealth        | |  3.0

Action                   || total
-------------------------++-------
 Cast: Pain              ||    73
Armor: Robe              ||     2
Dodge: Dodged            ||    16
